 Dungeon Crawl Stone Soup version 0.23-a0-644-gb60d84b (webtiles) character file.

1014 Azzok the Geomancer (level 8, -2/62 HPs)
             Began as a Deep Dwarf Earth Elementalist on Jan 1, 2019.
             Slain by Blork the orc
             ... wielding a cursed -2 dire flail
              (3 damage)
             ... on level 3 of the Dungeon.
             The game lasted 00:09:12 (5235 turns).

Azzok the Geomancer (Deep Dwarf Earth Elementalist) Turns: 5235, Time: 00:09:13

Health: -2/62      AC:  5    Str: 12    XL:     8   Next: 1%
Magic:  10/15      EV: 13    Int: 18    God:
Gold:   138        SH:  4    Dex: 17    Spells: 12/16 levels left

rFire    + . .     SeeInvis .   a - +2 whip (elec)
rCold    . . .     Gourm    .   (no shield)
rNeg     . . .     Faith    .   c - +0 robe
rPois    .         Spirit   .   s - +1 helmet
rElec    .         Reflect  +   o - +0 cloak
rCorr    .         Harm     .   (no gloves)
MR       +....                  (no boots)
Stlth    ++........             y - +4 amulet of reflection
HPRegen  0.00/turn              v - +4 ring of dexterity
MPRegen  0.14/turn              w - ring of protection from fire

@: non-regenerating
A: damage resistance, heal wounds, sense surroundings 1, no regeneration
a: Heal Wounds


You were on level 3 of the Dungeon.
You were not hungry.

You visited 1 branch of the dungeon, and saw 5 of its levels.

You collected 138 gold pieces.

Inventory:

Hand Weapons
 a - a +2 whip of electrocution (weapon)
 r - a +1 dagger of draining
Missiles
 b - 124 stones (quivered)
 t - a throwing net
Armour
 c - a +0 robe (worn)
 o - a +0 cloak (worn)
 s - a +1 helmet (worn)
Jewellery
 v - a +4 ring of dexterity (left hand)
 w - a ring of protection from fire (right hand)
 y - a +4 amulet of reflection (around neck)
Wands
 x - a wand of digging (7)
Scrolls
 e - 2 scrolls of enchant weapon
 g - a scroll of fog {unknown}
 j - 3 scrolls of remove curse
 k - a scroll of blinking {unknown}
 p - a scroll of enchant armour
 q - a scroll of amnesia
Potions
 f - 3 potions of lignification
 h - a potion of heal wounds
 i - a potion of ambrosia {unknown}
 l - a potion of agility {unknown}
 m - a potion of flight
 n - 2 potions of might
 A - a potion of invisibility {unknown}
Comestibles
 d - 7 rations
 z - a chunk of flesh


   Skills:
 - Level 2.1 Dodging
 - Level 2.4 Stealth
 + Level 4.9 Spellcasting
 + Level 4.3 Conjurations
   Level 0.8 Transmutations
 + Level 8.3 Earth Magic


You had 12 spell levels left.
You knew the following spells:

 Your Spells              Type           Power        Failure   Level  Hunger
a - Sandblast             Erth           ####..       1%          1    None
b - Stone Arrow           Conj/Erth      ####..       3%          3    ###....

Your spell library contained the following spells:

 Spells                   Type           Power        Failure   Level  Hunger
 Passwall                 Tmut/Erth      ###.....     3%          2    #......
 Lee's Rapid Deconstruct  Erth           ####......   12%         5    ######.
 Petrify                  Tmut/Erth      ###.....     21%         4    ####...


Dungeon Overview and Level Annotations

Branches:
Dungeon (5/15)
 Temple: D:4-7

Altars:
Hepliaklqana
Okawaru
Ru
Yredelemnul

Shops:
D:5 %

Annotations:
D:5 Blork the orc, Dowan


Innate Abilities, Weirdness & Mutations

You are resistant to damage.
You can heal yourself by infusing magical energy.
You passively map a small area around you.
You do not regenerate.


Message History

You hear some strange, mumbled words.
A puff of frost appears from out of thin air!
The puff of frost hits you!
* * * LOW HITPOINT WARNING * * *
Something hits you.
A magic dart appears from out of thin air!
The magic dart hits you!
* * * LOW HITPOINT WARNING * * *
There is a stone staircase leading up, spattered with blood here.
Okay, then.
Something hits you but does no damage.
You climb upwards.
Reactivating autopickup.
There is a stone staircase leading down here.
You see here a +0 helmet.
Something hits you!
* * * LOW HITPOINT WARNING * * *
Deactivating autopickup; reactivate with Ctrl-A.
Something hits you.
You die...

▒▒▒▒ ▒··· ▒▒▒▒▒▒ ▒·▒▒ ▒····▒
▒·▒ ▒▒·▒·▒ ▒·▒▒ ▒·▒·▒
▒▒▒▒▒▒▒▒▒▒▒▒▒▒▒▒▒···
▒)▒·▒▒▒▒▒▒▒··@···[············
▒·········▒·▒·[···············
▒▒▒·▒▒▒▒▒·▒·▒▒▒▒▒···▒▒▒·▒▒▒··▒
▒·▒ ▒·<·▒ ▒·····▒▒·▒ ▒··· ▒·▒
▒···▒ ▒·····▒▒·▒▒▒··▒ ▒·▒
▒···▒▒▒▒·········▒▒▒·▒ ▒·▒
▒················▒···· ▒·▒
▒··▒▒▒▒▒▒▒▒·▒▒·▒·▒···▒ ▒·▒
▒··▒ ▒·▒▒·▒·▒···▒


There were no monsters in sight!

Vanquished Creatures
  A wyvern (D:5)
  Duvessa (D:5)
  A phantom (D:4)
  An ogre (D:4)
  A scorpion (D:4)
  An orc priest (D:3)
  A centaur skeleton (D:4)
  4 orc wizards
  Jessica (D:2)
  Terence (D:3)
  Natasha (twice) (D:3)
  An iguana (D:4)
  2 worker ants (D:4)
  A hound skeleton (D:4)
  Robin (D:3)
  8 adders
  4 dart slugs
  A leopard gecko (D:2)
  10 orcs
  3 bats
  5 giant cockroaches
  12 goblins
  8 hobgoblins
  6 jackals
  3 kobolds
  A quokka (D:3)
  4 frilled lizards (D:1)
  A jackal skeleton (D:4)
  7 rats
93 creatures vanquished.

Notes
Turn   | Place    | Note
-------+----------+-------------------------------------------
     0 | D:1      | Azzok the Deep Dwarf Earth Elementalist began the quest for
                  | the Orb.
     0 | D:1      | Reached XP level 1. HP: 15/15 MP: 3/3
    16 | D:1      | You fall through a shaft!
   122 | D:1      | Reached XP level 2. HP: 20/22 MP: 3/5
   852 | D:2      | Reached XP level 3. HP: 23/28 MP: 4/6
   857 | D:2      | Learned a level 3 spell: Stone Arrow
   860 | D:2      | Reached skill level 5 in Earth Magic
  1287 | D:2      | Noticed Jessica
  1293 | D:2      | Killed Jessica
  1293 | D:2      | Reached XP level 4. HP: 30/36 MP: 2/8
  1387 | D:2      | Reached skill level 1 in Conjurations
  1585 | D:2      | Found a faded altar of an unknown god.
  2079 | D:3      | Noticed Natasha
  2085 | D:3      | Killed Natasha
  2138 | D:3      | Found a sacrificial altar of Ru.
  2141 | D:3      | Reached XP level 5. HP: 30/42 MP: 1/9
  2161 | D:3      | Noticed Natasha
  2184 | D:3      | Killed Natasha
  2184 | D:3      | Reached skill level 6 in Earth Magic
  2315 | D:3      | Found a basalt altar of Yredelemnul.
  2501 | D:3      | Noticed Robin
  2520 | D:3      | Killed Robin
  2643 | D:3      | Reached XP level 6. HP: 26/49 MP: 4/11
  3203 | D:3      | You fall through a shaft!
  3206 | D:4      | Found an iron altar of Okawaru.
  3591 | D:3      | Noticed Terence
  3597 | D:3      | Killed Terence
  4029 | D:4      | Reached skill level 7 in Earth Magic
  4029 | D:4      | Reached XP level 7. HP: 49/55 MP: 4/13
  4892 | D:2      | Found a hazy altar of Hepliaklqana.
  4928 | D:5      | Entered Level 5 of the Dungeon
  4939 | D:5      | Noticed a wyvern
  4943 | D:5      | Killed a wyvern
  4943 | D:5      | Reached skill level 8 in Earth Magic
  5015 | D:5      | Found Louro's Food Boutique.
  5063 | D:5      | Noticed Duvessa
  5064 | D:5      | Noticed Dowan
  5073 | D:5      | Killed Duvessa
  5100 | D:4      | Reached XP level 8. HP: 37/62 MP: 3/15
  5203 | D:5      | Noticed Blork the orc
  5235 | D:3      | HP: 1/62 [something (6)]
  5235 | D:3      | Slain by Blork the orc

Vault maps used:
D:1:      dpeg_arrival_radiant
D:2:      nicolae_overflow_hidden_temple,
          chequers_ecumenical_altar_simple_redux, minmay_domino_2, uniq_jessica
D:3:      nicolae_ru_great_annihilating_truth, first_ration,
          yredelemnul_altar_generic, uniq_natasha, uniq_terence, uniq_robin
D:4:      hangedman_abyss_or_decor_stabs, okawaru_trees_1
D:5:      led_sif_pool, temple_fountains, serial_shops, nicolae_shop_crystal,
          uniq_duvessa, uniq_blork_the_orc

Skill      XL: |  1  2  3  4  5  6  7 |
---------------+----------------------+-----
Spellcasting   | 2 3 4 |  4.9
Earth Magic    | 5 6 7 8 |  8.3
Conjurations   | 1 2 3 4 |  4.3
Dodging        | |  2.1
Stealth        | |  2.4
Transmutations | |  0.8

Action                   |  1- 3 |  4- 6 |  7- 9 || total
-------------------------+-------+-------+-------++-------
Melee: Dagger            |       |    13 |       ||    13
 Cast: Sandblast         |    40 |    49 |    23 ||   112
       Stone Arrow       |     6 |    37 |    22 ||    65
 Abil: Heal Wounds       |       |     2 |       ||     2
  Use: Scroll            |       |     9 |     1 ||    10
 Stab: Invisible         |       |     1 |       ||     1
  Eat: Chunk             |     2 |    12 |     2 ||    16
       Ration            |       |       |     1 ||     1
Armor: Robe              |     4 |     7 |     4 ||    15
Dodge: Dodged            |    15 |    28 |    15 ||    58
Block: Other             |       |       |     1 ||     1

Table legend:
 A = Non-vault XP
 B = Vault XP
 C = Vault XP percentage of total XP
 D = Non-vault monster count
 E = Vault monster count
 F = Vault count percentage of total count
                 A         B        C        D         E       F
            +---------+---------+-------+---------+---------+-------
      Total |    1108 |     341 |  23.5 |      76 |      17 |  18.3
            +---------+---------+-------+---------+---------+-------
        D:1 |      34 |       0 |   0.0 |      20 |       0 |   0.0
        D:2 |      71 |      41 |  36.6 |      13 |       3 |  18.8
        D:3 |     225 |     155 |  40.8 |      22 |      13 |  37.1
        D:4 |     561 |       0 |   0.0 |      19 |       0 |   0.0
        D:5 |     217 |     145 |  40.1 |       2 |       1 |  33.3
            +---------+---------+-------+---------+---------+-------
